Map: Thunderbird LE

Players

ShoWTimE - Winner!

  • Race: Protoss Protoss
  • League: Grandmaster
  • Spawn Location: 5:00

MarineLorD

  • Race: Terran Terran
  • League: Master
  • Spawn Location: 11:00

Event: HomeStory Cup XX

VOD

Have the link to the VOD?

Description

Time

  • Played on: Nov. 22, 2019, 1:12 p.m.
  • Length: 20:07

All games in this series

Show
View Real Time Build Order
Export as new Build Order

ShoWTimE Protoss - Winner!

Build Orders: 1 Gate Expand, Double Forge, Phoenix Opening, Blink Stalkers 

Get SALT Encoding   

  12  0:00  Probe  
  13  0:12  Probe  
  14  0:17  Pylon  
  14  0:23  Probe  
  15  0:31  Probe  
  15  0:36  Gateway  
  15  0:40  Probe  
  16  0:45  Assimilator  
  17  0:51  Probe  
  18  1:03  Probe  
  19  1:15  Probe  
  20  1:23  Cybernetics Core  
  20  1:32  Nexus  
  20  1:35  Probe  
  21  1:44  Pylon  
  21  1:47  Probe  
  21  1:51  Assimilator  
  21  1:52  Adept  
  22  1:59  Probe  
  23  2:04  Warp Gate  
  25  2:08  Probe  
  26  2:16  Probe  
  26  2:22  Sentry  
  29  2:26  Probe  
  30  2:37  Twilight Council  
  30  2:38  Probe  
  30  2:40  Probe  
  30  2:44  Blink  
  31  2:48  Probe, Stalker  
  31  2:50  Probe  
  35  2:55  Gateway  
  36  2:58  Probe  
  36  3:00  Phoenix  
  36  3:02  Probe  
  37  3:10  Probe  
  38  3:14  Probe  
  38  3:19  Pylon  
  39  3:23  Probe  
  39  3:26  Probe  
  41  3:30  Assimilator  
  41  3:34  Robotics Facility  
  41  3:35  Probe  
  41  3:38  Probe  
  43  3:47  Probe  
  44  3:50  Probe, Pylon  
  45  3:59  Probe  
  45  4:01  Stalker x2  
  50  4:02  Probe  
  51  4:11  Probe  
  51  4:13  Nexus  
  51  4:15  Probe  
  53  4:17  Pylon  
  53  4:21  Observer  
  53  4:23  Probe  
  55  4:26  Stalker  
  55  4:27  Probe, Stalker  
  60  4:35  Probe  
  61  4:39  Probe  
  61  4:44  Observer  
  61  4:45  Forge, Charge  
  63  4:47  Forge  
  63  4:49  Probe  
  63  4:51  Probe  
  64  5:04  Stalker x2  
  64  5:06  Probe x2  
  68  5:09  Protoss Ground Armor Level 1  
  68  5:16  Protoss Ground Weapons Level 1  
  68  5:18  Probe  
  69  5:23  Gateway x2  
  69  5:24  Gateway  
  69  5:32  Gateway  
  69  5:36  Stalker x2  
  73  5:45  Probe  
  73  5:46  Probe x2  
  73  5:49  Gateway  
  75  5:54  Gateway  
  75  5:56  Pylon  
  75  5:58  Probe, Immortal  
  75  5:59  Probe  
  75  6:00  Probe  
  82  6:06  Probe  
  82  6:07  Probe  
  82  6:08  Probe  
  82  6:10  Pylon  
  84  6:15  Assimilator  
  84  6:16  Probe x2  
  84  6:17  Probe  
  85  6:20  Assimilator, Sentry  
  85  6:21  Sentry  
  85  6:24  Pylon  
  92  6:28  Probe  
  92  6:30  Probe x2  
  95  6:33  Assimilator  
  95  6:40  Probe, Templar Archives  
  95  6:44  Pylon  
  95  6:46  Observer  
  97  6:48  Zealot x6  
  97  6:53  Pylon  
  109  6:58  Protoss Ground Armor Level 2  
  109  6:59  Pylon  
  108  7:04  Nexus  
  108  7:07  Observer, Pylon  
  109  7:09  Psionic Storm  
  109  7:21  Zealot x5, High Templar  
  121  7:28  Pylon  
  121  7:29  Probe  
  123  7:30  Probe x2  
  123  7:31  High Templar  
  123  7:32  Protoss Ground Weapons Level 2  
  123  7:33  Pylon  
  126  7:41  Probe  
  126  7:42  Probe x2  
  129  7:48  Warp Prism  
  131  7:54  Zealot x2, High Templar  
  131  7:55  Zealot x2  
  131  7:58  Pylon  
  141  8:01  Probe  
  141  8:02  Probe x2  
  144  8:09  Photon Cannon  
  144  8:11  Zealot x3  
  144  8:12  Pylon  
  150  8:18  High Templar  
  152  8:22  Gateway  
  152  8:23  Gateway  
  152  8:24  Zealot x2  
  156  8:28  Assimilator  
  156  8:29  Zealot  
  156  8:32  Assimilator  
  158  8:37  High Templar  
  158  8:38  High Templar  
  162  8:42  Pylon  
  162  8:45  Pylon  
  162  8:48  Zealot x4  
  162  8:50  Zealot x2  
  174  8:56  Robotics Bay  
  174  8:59  Robotics Facility  
  173  9:08  Gateway  
  173  9:12  Gateway  
  173  9:13  Zealot x2, High Templar x2  
  173  9:14  Zealot x4  
  189  9:17  Zealot, Archon  
  189  9:18  Zealot  
  153  9:43  Disruptor x2, Archon x2  
  153  9:44  Archon  
  153  9:45  Zealot x10  
  119  10:05  Protoss Ground Armor Level 3, High Templar x4  
  119  10:06  High Templar  
  125  10:07  Zealot, High Templar  
  125  10:08  Zealot x3  
  125  10:10  Nexus  
  125  10:11  Pylon, Archon x3  
  135  10:22  Protoss Ground Weapons Level 3  
  135  10:38  Zealot x9  
  135  10:42  Disruptor  
  153  10:44  Dark Shrine, Disruptor  
  153  10:45  Stargate  
  159  10:58  Probe  
  159  10:59  Probe  
  159  11:00  Assimilator, Probe  
  159  11:02  Assimilator, Pylon  
  162  11:06  Observer  
  162  11:07  Stalker x2, Sentry  
  168  11:13  Disruptor x2  
  168  11:14  Zealot  
  168  11:15  Zealot x2  
  180  11:30  Stalker x3  
  180  11:32  Stalker  
  188  11:33  Stalker  
  180  11:56  Dark Templar x4  
  180  11:57  Gravitic Drive  
  180  11:59  Zealot x6  
  200  12:14  Fleet Beacon  
  200  12:30  Photon Cannon  
  200  12:32  Photon Cannon  
  200  12:34  Photon Cannon x2  
  200  12:36  Photon Cannon x2  
  200  12:37  Protoss Air Weapons Level 1  
  200  12:39  Photon Cannon, Stargate  
  200  12:40  Stargate  
  200  12:41  Photon Cannon  
  200  12:43  Photon Cannon  
  198  12:44  Shadow Stride  
  198  12:51  Protoss Shields Level 1  
  198  13:03  Photon Cannon  
  198  13:05  Photon Cannon  
  198  13:07  Photon Cannon  
  196  13:13  Tempest  
  196  13:15  Tempest  
  196  13:16  Tempest  
  196  13:20  Dark Templar x2  
  199  13:30  High Templar  
  185  13:38  Stalker x4  
  185  13:40  Zealot  
  185  13:41  Zealot  
  187  13:56  Oracle  
  187  13:58  Tempest  
  195  14:07  Tempest  
  195  14:09  High Templar x3  
  196  14:13  Dark Templar x2  
  195  14:28  Zealot x6  
  197  14:41  Protoss Shields Level 2  
  197  14:44  Dark Templar  
  199  14:46  Protoss Air Weapons Level 2  
  199  14:58  Photon Cannon  
  199  14:59  Photon Cannon  
  199  15:01  Photon Cannon  
  199  15:03  Photon Cannon  
  199  15:05  Photon Cannon  
  199  15:07  Shield Battery  
  193  15:08  Shield Battery  
  193  15:11  Dark Templar x3  
  199  15:23  Dark Templar  
  199  15:24  Nexus  
  199  15:25  Pylon  
  199  15:38  Tempest  
  193  15:44  Dark Templar x5  
  193  15:49  Photon Cannon  
  199  15:51  Photon Cannon  
  199  15:53  Archon x2, Photon Cannon  
  199  15:56  Assimilator  
  199  16:08  Assimilator  
  199  16:14  High Templar  
  199  16:20  Oracle  
  197  16:28  Dark Templar  
  199  16:35  Pylon  
  199  16:37  Nexus  
  199  16:40  Pylon  
  199  16:45  Pylon  
  199  16:54  Tempest  
  191  16:55  Oracle  
  199  17:06  Protoss Shields Level 3  
  172  17:16  Shield Battery  
  172  17:17  High Templar x2  
  172  17:18  Shield Battery  
  172  17:19  Zealot x3  
  172  17:20  Shield Battery  
  172  17:22  Shield Battery  
  178  17:25  Tempest  
  179  17:37  High Templar  
  179  17:38  High Templar  
  179  17:39  High Templar  
  179  17:41  Probe x5, Photon Cannon  
  179  17:42  Probe  
  191  17:47  Shield Battery  
  187  17:53  Shield Battery  
  187  17:57  Shield Battery  
  184  17:58  Stalker x6  
  184  17:59  Stalker  
  184  18:00  Probe x4, Shield Battery  
  184  18:02  Shield Battery  
  184  18:04  Unknown  
  197  18:07  Unknown  
  197  18:19  Zealot  
  199  18:24  Dark Templar  
  195  18:29  Zealot x4  
  195  18:33  Zealot x3  
  197  18:35  Probe  
  197  18:39  Probe x2  
  197  18:40  Probe  
  194  18:41  Probe  
  194  18:57  Dark Templar  
  194  19:00  Probe x4  
  200  19:07  Phoenix  
  187  19:56  Zealot x2  
  199  20:06  Stalker x5  
Show
View Real Time Build Order
Export as new Build Order

MarineLorD Terran 

Build Orders: Reaper Expand 

Get SALT Encoding   

  12  0:00  SCV  
  13  0:12  SCV  
  14  0:17  Supply Depot  
  14  0:24  SCV  
  15  0:38  SCV  
  15  0:40  Barracks  
  16  0:43  Refinery  
  16  0:50  SCV  
  17  1:02  SCV  
  18  1:15  SCV  
  19  1:27  Orbital Command, Reaper  
  20  1:43  Command Center  
  20  1:51  Supply Depot  
  20  1:52  SCV  
  21  1:59  Marine  
  22  2:04  SCV  
  23  2:15  Refinery, Factory  
  23  2:16  SCV  
  23  2:21  Barracks Reactor  
  24  2:28  SCV  
  25  2:40  SCV  
  26  2:53  SCV  
  28  2:59  Orbital Command  
  28  3:01  Marine x2  
  28  3:02  Widow Mine, Starport  
  31  3:06  SCV  
  32  3:18  Marine, SCV  
  32  3:19  Marine  
  35  3:24  Widow Mine  
  35  3:25  SCV  
  38  3:30  SCV  
  38  3:32  Supply Depot  
  39  3:36  Marine x2  
  39  3:37  SCV  
  39  3:38  Medivac  
  44  3:42  SCV  
  44  3:46  Supply Depot  
  45  3:50  SCV  
  45  3:54  Widow Mine  
  45  3:55  SCV  
  49  4:02  SCV  
  50  4:04  Marine x2  
  50  4:09  SCV  
  52  4:11  Command Center  
  52  4:12  Supply Depot  
  52  4:14  SCV  
  52  4:16  Starport Tech Lab, Factory Tech Lab  
  53  4:21  Barracks  
  53  4:23  SCV  
  53  4:24  Marine x2  
  54  4:31  SCV  
  57  4:32  Barracks  
  57  4:34  Supply Depot  
  57  4:40  Siege Tank  
  57  4:42  SCV  
  57  4:44  SCV  
  62  4:47  Marine x2  
  64  4:54  SCV  
  64  4:56  SCV  
  66  5:05  Marine x2  
  66  5:06  SCV  
  67  5:08  Engineering Bay  
  67  5:09  Refinery, SCV  
  67  5:10  Engineering Bay  
  67  5:11  Refinery  
  68  5:18  Starport Reactor, SCV  
  68  5:21  Stimpack, Marauder  
  69  5:22  SCV  
  69  5:23  Marine x2  
  69  5:26  Orbital Command, Factory Reactor  
  72  5:30  SCV  
  72  5:34  SCV  
  74  5:38  Combat Shield, Marauder  
  76  5:42  SCV  
  76  5:44  Terran Infantry Weapons Level 1  
  76  5:46  SCV  
  76  5:47  Terran Infantry Armor Level 1  
  76  5:49  Orbital Command  
  76  5:53  Marine x2, Marauder  
  76  5:55  SCV  
  81  5:58  SCV  
  81  6:03  Medivac x2  
  86  6:05  Marauder  
  86  6:07  SCV  
  86  6:09  Supply Depot  
  89  6:12  Marine x2  
  89  6:16  SCV  
  89  6:17  Supply Depot  
  93  6:18  SCV  
  93  6:31  Marauder, SCV x2  
  97  6:33  Medivac x2  
  97  6:38  Marine x2, SCV  
  97  6:39  Barracks  
  104  6:40  Marauder, Barracks  
  104  6:43  Refinery  
  104  6:44  Refinery  
  104  6:46  Armory  
  106  6:47  SCV x2  
  106  6:50  SCV  
  109  7:01  SCV, Concussive Shells, Supply Depot  
  109  7:02  Supply Depot x2  
  109  7:04  SCV x2  
  109  7:05  Supply Depot  
  109  7:06  Marine x2, Marauder x2  
  117  7:15  SCV  
  117  7:17  SCV  
  117  7:23  SCV, Viking x2  
  117  7:27  Barracks Reactor, Marauder, SCV, Barracks Tech Lab  
  117  7:29  SCV  
  126  7:32  Starport  
  126  7:36  Marine x2, Marauder  
  131  7:39  Terran Infantry Weapons Level 2  
  131  7:41  Terran Infantry Armor Level 2  
  131  7:42  Terran Ship Weapons Level 1  
  132  7:50  Supply Depot x2  
  130  7:52  Marauder, Ghost Academy  
  130  7:53  Marauder  
  134  8:00  Viking x2  
  138  8:10  Command Center  
  138  8:11  Liberator x2  
  138  8:15  Supply Depot x2  
  138  8:19  Marine, Marauder x2  
  145  8:20  Marauder, Marine  
  155  8:35  Marine x2  
  155  8:37  Marine  
  155  8:38  Marine  
  155  8:40  Ghost x2  
  159  8:44  Supply Depot  
  159  8:46  Supply Depot  
  159  8:47  Missile Turret  
  159  8:49  Missile Turret  
  159  8:51  Missile Turret  
  159  8:53  Ghost  
  159  8:54  Missile Turret  
  159  8:55  Enhanced Shockwaves  
  161  9:10  Missile Turret  
  161  9:13  Missile Turret  
  161  9:17  Fusion Core, Marine x3, Marauder x2  
  163  9:18  Marine  
  140  9:40  Marine x3, Marauder  
  140  9:42  Marine x2  
  140  9:43  Marauder  
  126  9:47  Liberator x2  
  126  9:49  SCV x2  
  126  9:51  SCV  
  121  9:58  Marine x3  
  111  10:00  Marine  
  111  10:01  Marauder, SCV x2  
  111  10:02  Marauder  
  111  10:04  Marauder  
  111  10:06  Terran Infantry Weapons Level 3  
  126  10:16  Terran Infantry Armor Level 3  
  126  10:19  Terran Ship Weapons Level 2  
  126  10:21  Marine x4  
  127  10:22  Marauder  
  132  10:28  Marine  
  132  10:33  Liberator  
  132  10:35  Planetary Fortress  
  133  10:40  SCV x3  
  136  10:43  Liberator  
  136  10:46  Missile Turret, Advanced Ballistics  
  136  10:47  Refinery  
  136  10:49  Refinery  
  136  10:51  Marine x3  
  136  10:52  Marine x2, SCV x2, Marauder  
  151  11:06  Command Center  
  151  11:17  Ghost x2  
  155  11:19  Marine x4, Ghost  
  155  11:24  SCV x4  
  165  11:27  Supply Depot x2  
  165  11:30  Liberator x2  
  165  11:32  Missile Turret  
  165  11:44  Marine x2  
  165  11:46  Marauder  
  165  11:47  Marauder  
  172  11:57  Liberator  
  170  12:04  Marine x3, Marauder  
  170  12:07  Sensor Tower  
  170  12:08  Marauder  
  177  12:10  Barracks  
  177  12:11  Barracks  
  177  12:12  Barracks  
  180  12:17  Liberator  
  180  12:20  Marine, Marauder  
  183  12:32  Medivac x2  
  190  12:37  Command Center  
  190  12:47  Marine x2, Marauder  
  190  12:48  Command Center  
  190  12:49  Marauder  
  192  12:53  Marine x2, Marauder  
  192  12:57  Barracks Tech Lab  
  196  13:06  Viking x2  
  200  13:17  Terran Vehicle And Ship Armor Level 1  
  195  13:24  Marine x2, Marauder  
  195  13:26  Marine  
  195  13:27  Marine x2, Marauder  
  197  13:28  Marauder  
  197  13:30  SCV  
  200  13:44  Liberator  
  200  14:15  Starport  
  195  14:28  Marine  
  183  14:32  Ghost  
  183  14:33  Viking x3  
  188  14:42  Ghost  
  188  14:44  Viking  
  189  14:52  Orbital Command  
  189  14:54  Ghost x2  
  189  14:56  Command Center  
  189  14:57  Command Center  
  195  15:03  Viking  
  195  15:05  Planetary Fortress  
  194  15:09  Missile Turret  
  194  15:10  Refinery  
  194  15:11  Refinery  
  194  15:12  Missile Turret  
  194  15:13  Viking x2  
  194  15:14  Viking  
  200  15:25  Starport Reactor  
  191  15:40  SCV x5  
  191  15:41  Liberator x4, SCV  
  182  15:52  SCV x5  
  182  15:53  SCV  
  176  16:04  SCV x2  
  185  16:09  Sensor Tower, Marine, Marauder  
  189  16:16  Liberator x2  
  189  16:24  Liberator x2  
  185  16:26  Liberator x2  
  188  17:06  Liberator x2  
  188  17:07  Liberator  
  177  17:12  Marine x3  
  177  17:13  Marine x2, Marauder  
  179  17:23  Command Center  
  179  17:28  Missile Turret  
  179  17:29  Missile Turret  
  188  17:31  Marine  
  188  17:32  Marine x2, Marauder x2  
  188  17:34  Marine x3, Marauder  
  195  17:45  Command Center  
  195  17:59  Marine  
  195  18:00  Marauder  
  195  18:04  Marauder  
  197  18:06  Marine  
  197  18:07  Marauder  
  198  18:19  Marauder  
  200  18:23  Planetary Fortress  
  200  18:24  Command Center  
  196  18:30  Marauder  
  196  18:33  Marine x2  
  196  18:34  Marauder  
  198  18:35  Marine, Marauder  
  192  18:46  Viking x3  
  191  19:00  Marauder  
  192  19:03  Marine x3  
  192  19:04  Marine, Marauder  
  195  19:10  Viking x2  
  195  19:13  Viking  
  192  19:30  Medivac x3  
Tags
 
Add a new tag
Caveats
  • Supply blocks, unpowered buildings, or Contaminate may cause inaccurate times.
  • Supply counts are checked every 10 seconds.